 Dungeon Crawl Stone Soup version 0.22.1-6-g1668fe2c40 (webtiles) character file.

27 Kohma the Grave Robber (level 2, -8/21 HPs)
             Began as a Demonspawn Necromancer on Jan 21, 2019.
             Mangled by Terence
             ... wielding a +2 hand axe of electrocution
              (18 damage)
             ... on level 2 of the Dungeon.
             The game lasted 00:05:19 (1510 turns).

Kohma the Grave Robber (Demonspawn Necromancer)     Turns: 1510, Time: 00:05:19

Health: -8/21      AC:  3    Str:  8    XL:     2   Next: 93%
Magic:  0/5        EV: 12    Int: 16    God:
Gold:   38         SH:  0    Dex: 13    Spells: 4/5 levels left

rFire    . . .     SeeInvis .   n - +1 dagger (pain)
rCold    . . .     Gourm    .   (no shield)
rNeg     . . .     Faith    .   a - +0 robe
rPois    .         Spirit   .   (no helmet)
rElec    .         Reflect  .   (no cloak)
rCorr    .         Harm     .   (no gloves)
MR       .....                  k - +0 pair of boots
Stlth    ++........             (no amulet)
HPRegen  0.07/turn              (no ring)
MPRegen  0.09/turn              (no ring)

@: no status effects
A: claws 1
a: no special abilities


You were on level 2 of the Dungeon.
You were not hungry.

You visited 1 branch of the dungeon, and saw 2 of its levels.

You collected 38 gold pieces.

Inventory:

Hand Weapons
 d - a +0 short sword
 m - a +0 falchion
 n - a +1 dagger of pain (weapon)
Missiles
 e - 40 stones (quivered)
Armour
 a - a +0 robe (worn)
 k - a +0 pair of boots (worn)
Scrolls
 b - a scroll of remove curse {unknown}
 f - a scroll of magic mapping {unknown}
 h - a scroll of enchant armour {unknown}
 i - a scroll of teleportation {unknown}
 o - a scroll of identify {unknown}
Potions
 g - a potion of resistance {unknown}
 l - 2 potions of heal wounds {unknown}
Comestibles
 c - 3 rations
 j - a chunk of flesh


   Skills:
 + Level 1.0 Fighting
 - Level 1.7 Dodging
 - Level 1.7 Stealth
 + Level 2.3 Spellcasting
 * Level 5.0 Necromancy


You had 4 spell levels left.
You knew the following spells:

 Your Spells              Type           Power        Failure   Level  Hunger
a - Pain                  Necr           ###.         2%          1    #......

Your spell library contained the following spells:

 Spells                   Type           Power        Failure   Level  Hunger
 Animate Skeleton         Necr           N/A          2%          1    #......
 Vampiric Draining        Necr           ###.......   8%          3    ###....
 Regeneration             Chrm/Necr      #.........   22%         3    ###....
 Animate Dead             Necr           N/A          26%         4    #####..


Dungeon Overview and Level Annotations

Branches:
Dungeon (2/15)

Altars:
Okawaru

Annotations:
D:2 Terence


Innate Abilities, Weirdness & Mutations

You have sharp fingernails.


Message History

Press: ? - help, Shift-Dir - straight line, f/p - Terence
Aim: Terence, wielding a hand axe of electrocution and wearing a glowing scale Terence writhes in agony!
Terence closely misses you.
Casting: Pain (safe; 2% risk of failure)
Confirm with . or Enter, or press ? or * to list all spells.
Aiming: Pain (safe; 2% risk of failure)
Press: ? - help, Shift-Dir - straight line, f/p - Terence
Aim: Terence, wielding a hand axe of electrocution and wearing a glowing scale Terence writhes in agony!
Terence hits you with a hand axe of electrocution.
Casting: Pain (safe; 2% risk of failure)
Confirm with . or Enter, or press ? or * to list all spells.
Aiming: Pain (safe; 2% risk of failure)
Press: ? - help, Shift-Dir - straight line, f/p - Terence
Aim: Terence, wielding a hand axe of electrocution and wearing a glowing scale Terence writhes in agony!
Terence hits you with a hand axe of electrocution.
You are electrocuted!
Ouch! That really hurt!
You die...

....?.......##$....#
#...........##.#####
#.###..........# #.#
#..((...####
#.###..[....#
#.##.....!.....#
#.#........##### .
#.#...@....#
#.###...).@....#
..............#
.............##
#####..<.....#
####........#
#.###....###.####
#.......## #.#
#####.#รท# #.# #.#.#
.#


You could see Terence.

Vanquished Creatures
  A dart slug (D:1)
  2 giant cockroaches (D:1)
  4 goblins
  3 hobgoblins (D:1)
  A quokka (D:2)
  6 bats
  2 frilled lizards (D:1)
  2 kobolds (D:1)
  2 rats (D:1)
23 creatures vanquished.

Notes
Turn   | Place    | Note
-------+----------+-------------------------------------------
     0 | D:1      | Kohma the Demonspawn Necromancer began the quest for the
                  | Orb.
     0 | D:1      | Reached XP level 1. HP: 13/13 MP: 3/3
   349 | D:1      | You fall through a shaft!
   349 | D:2      | Noticed Terence
   386 | D:2      | Gained mutation: You have sharp fingernails. [demonic
                  | ancestry]
   386 | D:2      | Reached XP level 2. HP: 19/20 MP: 3/5
  1211 | D:1      | Found an iron altar of Okawaru.
  1235 | D:1      | Reached skill level 5 in Necromancy
  1500 | D:2      | Reached skill level 1 in Fighting
  1510 | D:2      | Mangled by Terence

Skill      XL: |  1  2 |
---------------+-------+-----
Necromancy     | 5 |  5.0
Fighting       | 1 |  1.0
Dodging        | |  1.7
Stealth        | |  1.7
Spellcasting   | |  2.3

Action                   || total
-------------------------++-------
Melee: Short sword       ||     8
Throw: Stone             ||     2
 Cast: Pain              ||    39
  Eat: Chunk             ||     2
Armor: Robe              ||    11
Dodge: Dodged            ||    23
